 Dungeon Crawl Stone Soup version 0.31-a0-455-g1a7b003ef0 (webtiles) character file.

Game seed: 15612242365462457591

16597 zazu2006 the Spear-Bearer (level 12, -1/97 HPs)
             Began as a Gnoll Wanderer on Aug 4, 2023.
             Was a Priest of Vehumet.
             Killed from afar by a gargoyle (14 damage)
             ... with a stone arrow
             ... on level 11 of the Dungeon.
             The game lasted 00:30:08 (13073 turns).

zazu2006 the Spear-Bearer (Gnoll Wanderer)         Turns: 13073, Time: 00:30:09

Health: -1/97      AC: 10    Str: 14    XL:     12   Next: 39%
Magic:  23/23      EV: 15    Int: 12    God:    Vehumet [***...]
Gold:   592        SH:  0    Dex: 14    Spells: 18/25 levels left

rFire   . . .        a - +3 spear
rCold   . . .        f - orb {light}
rNeg    . . .        i - +0 steam dragon scales
rPois   +            y - +0 helmet
rElec   .            M - +0 cloak
rCorr   .            (no gloves)
SInv    +            J - +0 pair of boots
Will    .....        B - amulet of the acrobat
Stlth   ++           K - ring of the Mpinguari {rPois SInv}
HPRegen 0.36/turn    v - +4 ring of slaying
MPRegen 0.18/turn

%: acrobat
@: mighty, glowing
A: fangs 1, strong nose, distributed training
a: Renounce Religion


You were on level 11 of the Dungeon.
You worshipped Vehumet.
Vehumet was most pleased with you.
You visited 3 branches of the dungeon, and saw 14 of its levels.
You also visited: Bailey.

You collected 592 gold pieces.

Inventory:

Hand Weapons
 a - a +3 spear (weapon)
 r - the +8 mace of Eternal Vigilance {holy, rPois rF- Str+6 Int-5}
   (You found it on level 2 of the Dungeon)

   Str:       It affects your strength (+6).
   Int:       It affects your intelligence (-5).
   rF:        It makes you vulnerable to fire.
   rPois:     It protects you from poison.
Missiles
 j - 4 throwing nets
Armour
 f - an orb of light (worn)
 i - +0 steam dragon scales (worn)
 y - a +0 helmet (worn)
 G - a +2 ring mail of fire resistance
 J - a +0 pair of boots (worn)
 M - a +0 cloak (worn)
Jewellery
 h - a +6 ring of intelligence
 v - a +4 ring of slaying (right hand)
 B - an amulet of the acrobat (around neck)
 K - the ring of the Mpinguari (left hand) {rPois SInv}
   (You found it on level 7 of the Dungeon)

   [ring of see invisible]

   rPois:     It protects you from poison.
   SInv:      It lets you see invisible.
Wands
 x - a wand of mindburst (7)
 E - a wand of digging (3)
 I - a wand of charming (3)
Scrolls
 c - 4 scrolls of teleportation
 e - 2 scrolls of immolation
 g - 3 scrolls of enchant weapon
 l - 4 scrolls of fear
 n - 5 scrolls of amnesia
 p - 2 scrolls of poison
 w - 7 scrolls of enchant armour
 P - a scroll of silence {unknown}
Potions
 b - a potion of attraction {unknown}
 k - 4 potions of curing
 m - a potion of mutation {unknown}
 o - a potion of degeneration {unknown}
 q - 2 potions of resistance {unknown}
 s - a potion of ambrosia {unknown}
 t - 2 potions of berserk rage {unknown}
 u - 3 potions of haste {unknown}
 z - 3 potions of might
 A - a potion of brilliance {unknown}
 C - 2 potions of lignification {unknown}
 D - 4 potions of magic {unknown}
 F - a potion of heal wounds {unknown}
 N - 2 potions of enlightenment {unknown}
 O - 2 potions of invisibility {unknown}


   Skills:
 + Level 9.9 Fighting
 + Level 7.9 Short Blades
 + Level 7.4 Long Blades
 + Level 7.4 Axes
 + Level 7.4 Maces & Flails
 + Level 9.9 Polearms
 + Level 7.4 Staves
 + Level 7.4 Ranged Weapons
 + Level 7.4 Throwing
 + Level 7.9 Armour
 + Level 7.4 Dodging
 + Level 7.4 Stealth
 + Level 7.4 Shields
 + Level 7.4 Unarmed Combat
 + Level 7.4 Spellcasting
 + Level 6.1 Conjurations
 + Level 6.1 Hexes
 + Level 6.1 Summonings
 + Level 6.1 Necromancy
 + Level 6.1 Translocations
 + Level 6.1 Transmutations
 + Level 6.1 Fire Magic
 + Level 6.1 Ice Magic
 + Level 6.1 Air Magic
 + Level 6.1 Earth Magic
 + Level 6.1 Poison Magic
 + Level 8.1 Invocations
 + Level 8.8 Evocations
 + Level 6.1 Shapeshifting


You had 18 spell levels left.
You knew the following spells:

 Your Spells              Type           Power      Damage    Failure   Level
a - Shock                 Conj/Air       76%        1d7       1%          1
b - Mephitic Cloud        Conj/Pois/Air  19%        N/A       1%          3
c - Sandblast             Erth           38%        2d10      1%          1
d - Blink                 Tloc           38%        N/A       1%          2

Your spell library contained the following spells:

 Spells                   Type           Power      Damage    Failure   Level
 Volatile Blastmotes      Fire/Tloc      38%        2d13      1%          3
 Magic Dart               Conj           76%        1d6       1%          1
 Lesser Beckoning         Tloc           38%        N/A       1%          2
 Momentum Strike          Conj/Tloc      38%        3d9       1%          2
 Searing Ray              Conj           38%        2d5       1%          2
 Static Discharge         Conj/Air       38%        2-4/arc   1%          2
 Ignite Poison            Fire/Tmut/Pois 19%        N/A       1%          3
 Swiftness                Air            19%        N/A       3%          3
 Airstrike                Air            9%         2d(2-18)  3%          4
 Fulminant Prism          Conj/Hex       9%         3d6       3%          4
 Sticky Flame             Conj/Fire      19%        2d4       3%          4
 Animate Dead             Necr           19%        N/A       12%         4
 Summon Lightning Spire   Summ/Air       19%        N/A       12%         4
 Haunt                    Necr/Summ      9%         N/A       100%        7
 Ignition                 Fire           9%         3d5       100%        8
 Infestation              Necr           9%         N/A       100%        8


Dungeon Overview and Level Annotations

Branches:
Dungeon (11/15)            Temple (1/1) D:5            Lair (2/5) D:8
 Shoals (0/4) Lair:2       Bailey (visited)
  Snake: Lair:2-3    Spider: Lair:2-3       Orc: D:9-12

Altars:
Ashenzari
Cheibriados
Dithmenos
Elyvilon
Fedhas
Gozag
Hepliaklqana
Kikubaaqudgha
Makhleb
Nemelex Xobeh
Okawaru
Qazlal
Ru
Sif Muna
Trog
Uskayaw
Vehumet
Wu Jian
Xom
Yredelemnul
Zin
The Shining One

Shops:
D:8 (

Annotations:
D:10 3 runed translucent doors, lessens's ghost, journeyman DsFi
D:11 Grum


Innate Abilities, Weirdness & Mutations

You have very sharp teeth.
Your uncanny sense of smell can sniff out nearby items.
Your experience applies equally to all skills.


Message History

You hit the gargoyle but do no damage. The gargoyle completely misses you.
You hit the gargoyle but do no damage.
You bite the gargoyle, but do no damage.
You hit the gargoyle but do no damage. The gargoyle hits you with a +0 mace.
You hit the gargoyle but do no damage.
The gargoyle hits you but does no damage.
You puncture the gargoyle!
The gargoyle is moderately damaged.
You puncture the gargoyle!
The gargoyle is heavily damaged.
The gargoyle hits you with a +0 mace.
You hit the gargoyle but do no damage.
The gargoyle is heavily damaged.
You hit the gargoyle.
The gargoyle is severely damaged.
The gargoyle hurls a stone arrow at you.
The stone arrow hits you!
You hit the gargoyle.
The gargoyle is almost destroyed.
The gargoyle hurls a stone arrow at you.
The stone arrow hits you!!
You hit the gargoyle but do no damage.
You bite the gargoyle, but do no damage.
The gargoyle is almost destroyed.
You barely miss the gargoyle.
You bite the gargoyle, but do no damage.
The gargoyle is almost destroyed.
The gargoyle barely misses you.
You hit the gargoyle but do no damage.
The gargoyle is almost destroyed.
You hit the gargoyle but do no damage.
The gargoyle is almost destroyed.
The gargoyle hits you with a +0 mace!!
* * * LOW HITPOINT WARNING * * *
You feel better. The gargoyle hits you with a +0 mace.
* * * LOW HITPOINT WARNING * * *
You feel very mighty all of a sudden.
The gargoyle hurls a stone arrow at you.
The stone arrow hits you!
You die...

#.#.#.. ..#.#.
. ..?.^ ..
#.#.#
...####...#
.(....$...#####
#......9.......
#.@..# #...$#
......#
###.#..# #} ..#
#. ..# #. ..#
#. ...


You could see a gargoyle.

Vanquished Creatures
  Harold (Lair:1)
  2 vault guards (Bailey)
  Nergalle (Lair:1)
  Joseph (D:7)
  A cane toad (Lair:1)
  2 gargoyles (D:10)
  A rime drake (Lair:2)
  Prince Ribbit (Bailey)
  13 blink frogs (Lair:1)
  A shadow (D:10)
  4 wyverns
  17 yaks
  6 humans (Bailey)
  3 steam dragons
  A basilisk (Lair:1)
  Menkaure (D:4)
  A water moccasin (Lair:1)
  An acid dragon (D:9)
  Duvessa (D:4)
  2 black bears
  3 orc warriors
  4 sky beasts
  3 ogres
  6 centaurs
  2 wolves (D:10)
  2 phantoms (D:6)
  2 kobold brigands
  17 bullfrogs
  A necrophage (D:6)
  A gnoll sergeant (D:8)
  8 scorpions
  8 wights
  Dowan (D:4)
  3 killer bees (D:9)
  4 howler monkeys
  A spectral bullfrog (D:6)
  A lava snake (D:10)
  A centaur skeleton (D:6)
  5 jellies
  2 orc priests (D:7)
  5 hounds
  4 iguanas
  Ijyb (D:4)
  An orc wizard (D:7)
  A sleepcap (D:7)
  Robin (D:4)
  6 gnolls
  A howler monkey skeleton (D:6)
  8 adders
  A shadow imp (D:4)
  A howler monkey simulacrum (D:6)
  4 worms
  4 dart slugs
  13 orcs
  4 endoplasms
  5 giant cockroaches
  23 goblins
  11 hobgoblins
  11 jackals
  4 quokkas
  6 ball pythons
  3 bats
  3 frilled lizards
  17 kobolds
  2 rats (D:1)
276 creatures vanquished.

Vanquished Creatures (others)
  A hornet (D:8)
  A human (D:3)
  2 lava snakes (D:10)
4 creatures vanquished.

Grand Total: 280 creatures vanquished

Notes
Turn   | Place    | Note
-------+----------+-------------------------------------------
     0 | D:1      | zazu2006 the Gnoll Wanderer began the quest for the Orb.
     0 | D:1      | zazu2006 set off with the following items: a +3 spear, a +0
                  | short sword, a scroll of teleportation, a +0 leather
                  | armour.
     0 | D:1      | Reached XP level 1. HP: 23/23 MP: 1/1
   160 | D:1      | Reached XP level 2. HP: 28/29 MP: 2/2
   382 | D:1      | Reached XP level 3. HP: 35/35 MP: 3/3
   696 | D:1      | Reached skill level 1 in Invocations
   874 | D:2      | Reached skill level 1 in Long Blades
   874 | D:2      | Reached skill level 1 in Axes
   874 | D:2      | Reached skill level 1 in Maces & Flails
   874 | D:2      | Reached skill level 1 in Staves
   874 | D:2      | Reached skill level 1 in Ranged Weapons
   874 | D:2      | Reached skill level 1 in Throwing
   874 | D:2      | Reached skill level 1 in Dodging
   874 | D:2      | Reached skill level 1 in Stealth
   874 | D:2      | Reached skill level 1 in Shields
   874 | D:2      | Reached skill level 1 in Unarmed Combat
   874 | D:2      | Reached skill level 1 in Spellcasting
  1066 | D:2      | Reached XP level 4. HP: 38/41 MP: 5/5
  1188 | D:2      | Identified the +8 mace of Eternal Vigilance {holy, rPois
                  | rF- Str+6 Int-5}
  1555 | D:3      | Reached skill level 1 in Conjurations
  1555 | D:3      | Reached skill level 1 in Hexes
  1555 | D:3      | Reached skill level 1 in Summonings
  1555 | D:3      | Reached skill level 1 in Necromancy
  1555 | D:3      | Reached skill level 1 in Translocations
  1555 | D:3      | Reached skill level 1 in Transmutations
  1555 | D:3      | Reached skill level 1 in Fire Magic
  1555 | D:3      | Reached skill level 1 in Ice Magic
  1555 | D:3      | Reached skill level 1 in Air Magic
  1555 | D:3      | Reached skill level 1 in Earth Magic
  1555 | D:3      | Reached skill level 1 in Poison Magic
  1555 | D:3      | Reached skill level 1 in Shapeshifting
  1584 | D:3      | Found an ancient bone altar of Kikubaaqudgha.
  1584 | D:3      | Noticed a human
  1589 | D:3      | Killed a human
  1592 | D:3      | Learned a level 1 spell: Shock
  1801 | D:3      | Found a glowing silver altar of Zin.
  1860 | D:3      | Found a shimmering blue altar of Sif Muna.
  1863 | D:3      | Found a blossoming altar of Fedhas.
  2112 | D:4      | Noticed an ogre
  2122 | D:4      | Killed an ogre
  2123 | D:4      | Reached XP level 5. HP: 47/47 MP: 1/7
  2207 | D:4      | Noticed Robin
  2230 | D:4      | Reached XP level 6. HP: 52/52 MP: 8/8
  2232 | D:4      | Killed Robin
  2252 | D:4      | Noticed Ijyb
  2258 | D:4      | Killed Ijyb
  2362 | D:4      | Noticed Duvessa
  2375 | D:4      | Killed Duvessa
  2376 | D:4      | Reached skill level 5 in Evocations
  2388 | D:4      | Noticed Dowan
  2390 | D:4      | Killed Dowan
  2834 | D:4      | Noticed Menkaure
  2842 | D:4      | Killed Menkaure
  2843 | D:4      | Reached XP level 7. HP: 38/60 MP: 10/10
  3403 | D:5      | Entered Level 5 of the Dungeon
  3640 | D:5      | Reached XP level 8. HP: 67/67 MP: 12/12
  3881 | D:5      | Found a staircase to the Ecumenical Temple.
  3912 | Temple   | Entered the Ecumenical Temple
  3921 | Temple   | Became a worshipper of Vehumet
  4079 | D:5      | Found a sparkling altar of Nemelex Xobeh.
  5316 | D:6      | Reached XP level 9. HP: 69/73 MP: 14/14
  5727 | D:7      | Reached skill level 5 in Short Blades
  5727 | D:7      | Reached skill level 5 in Armour
  5769 | D:7      | Identified the ring of the Mpinguari {rPois SInv}
  6007 | D:6      | Identified the +7 dagger "Kauforim" {pain, rC+}
  6062 | D:6      | Learned a level 2 spell: Blink
  6484 | D:7      | Reached * piety under Vehumet
  6484 | D:7      | Offered knowledge of Sandblast by Vehumet.
  6485 | D:7      | Reached skill level 5 in Invocations
  6703 | D:7      | Noticed Joseph
  6708 | D:7      | Killed Joseph
  7077 | D:8      | Noticed a hornet
  7093 | D:8      | Reached XP level 10. HP: 35/80 MP: 17/17
  7107 | D:8      | Reached skill level 5 in Long Blades
  7107 | D:8      | Reached skill level 5 in Axes
  7107 | D:8      | Reached skill level 5 in Maces & Flails
  7107 | D:8      | Reached skill level 5 in Staves
  7107 | D:8      | Reached skill level 5 in Ranged Weapons
  7107 | D:8      | Reached skill level 5 in Throwing
  7107 | D:8      | Reached skill level 5 in Dodging
  7107 | D:8      | Reached skill level 5 in Stealth
  7107 | D:8      | Reached skill level 5 in Shields
  7107 | D:8      | Reached skill level 5 in Unarmed Combat
  7107 | D:8      | Reached skill level 5 in Spellcasting
  7264 | D:8      | Found a snail-covered altar of Cheibriados.
  7352 | D:8      | Found a flagged portal.
  7390 | Bailey   | Entered a bailey
  7993 | Bailey   | Noticed a vault guard
  7999 | Bailey   | Killed a vault guard
  8070 | Bailey   | Noticed Prince Ribbit
  8080 | Bailey   | Learned a level 1 spell: Sandblast
  8145 | Bailey   | Killed Prince Ribbit
  8145 | Bailey   | Offered knowledge of Kiss of Death by Vehumet.
  8226 | Bailey   | Noticed a vault guard
  8241 | Bailey   | Killed a vault guard
  8242 | Bailey   | Reached XP level 11. HP: 72/89 MP: 18/20
  8328 | D:8      | Reached ** piety under Vehumet
  8336 | D:8      | Reached skill level 5 in Conjurations
  8336 | D:8      | Reached skill level 5 in Hexes
  8336 | D:8      | Reached skill level 5 in Summonings
  8336 | D:8      | Reached skill level 5 in Necromancy
  8336 | D:8      | Reached skill level 5 in Translocations
  8336 | D:8      | Reached skill level 5 in Transmutations
  8336 | D:8      | Reached skill level 5 in Fire Magic
  8336 | D:8      | Reached skill level 5 in Ice Magic
  8336 | D:8      | Reached skill level 5 in Air Magic
  8336 | D:8      | Reached skill level 5 in Earth Magic
  8336 | D:8      | Reached skill level 5 in Poison Magic
  8336 | D:8      | Reached skill level 5 in Shapeshifting
  8439 | D:8      | Found Myfrarch's Weapon Shoppe.
  8490 | D:8      | Found a staircase to the Lair.
  8654 | D:8      | Found a basalt altar of Yredelemnul.
  9093 | D:9      | Identified the +6 dagger of Springtime {flame, rElec rC-
                  | rCorr Dex+6}
  9408 | D:10     | Entered Level 10 of the Dungeon
  9794 | D:10     | Offered knowledge of Mephitic Cloud by Vehumet.
  9799 | D:10     | Learned a level 3 spell: Mephitic Cloud
 10122 | D:10     | Found a runed translucent gate.
 10124 | D:10     | Found a runed translucent gate.
 10124 | D:10     | Found a runed translucent gate.
 10125 | D:10     | Noticed an orc knight
 10125 | D:10     | Noticed lessens's ghost (journeyman DsFi)
 10348 | D:10     | Found a shimmering altar of Xom.
 10427 | D:10     | Reached *** piety under Vehumet
 11162 | Lair:1   | Entered Level 1 of the Lair of Beasts
 11363 | Lair:1   | Noticed Nergalle
 11388 | Lair:1   | Killed Nergalle
 11806 | Lair:1   | Reached XP level 12. HP: 24/97 MP: 11/22
 12412 | Lair:1   | Noticed Harold
 12442 | Lair:1   | Killed Harold
 12445 | Lair:1   | Offered knowledge of Volatile Blastmotes by Vehumet.
 12693 | Lair:2   | Found a staircase to the Shoals.
 12714 | Lair:2   | Noticed a death yak
 12717 | Lair:2   | Noticed a death yak
 12720 | Lair:2   | Noticed a death yak
 12721 | Lair:2   | Noticed a death yak
 12723 | Lair:2   | Noticed a death yak
 13018 | D:11     | Noticed Grum
 13073 | D:11     | Killed from afar by a gargoyle

Illustrated notes

Levels and vault maps discovered:
D:1:      beargit_arrival_diablo_church, layout_basic, corexii_hall_statues_x
D:2:      layout_basic, minmay_worlds_worst_comb
D:3:      layout_basic, tgw_kikubaaqudgha, grunt_temple_overflow_open
D:4:      layout_basic, skrybe_limestone_x, uniq_menkaure, uniq_duvessa,
          uniq_robin, uniq_ijyb
D:5:      layout_loops_corners, lemuel_round_altar, minmay_temple_entry_hall
D:6:      layout_loops_cross, dilly_guarded_unrand_morg
D:7:      layout_loops_ring, minmay_misc_feat_rugged, minmay_checkerbox,
          uniq_joseph
D:8:      layout_rooms, cheibrodos_worm_habitat, kennysheep_little_box,
          grunt_lair_entry_orc_guard_hut, enter_bailey_2, serial_shops, shop,
          fountainhead
D:9:      layout_roguey
D:10:     layout_long_grid, lemuel_doored_altar, gammafunk_ghost_split,
          kennysheep_cluttered_room, nicolae_elevator_lobby_plus
D:11:     layout_basic, erik_orc_3, uniq_grum
Temple:   eino_temple_lava
Lair:1:   layout_roguey, uniq_harold, uniq_nergalle
Lair:2:   layout_gridlike, minmay_shoals_entry_centaurs, dummy_snake_entry,
          uniq_erica, uniq_sonja

Skill      XL: |  1  2  3  4  5  6  7  8  9 10 11 12 |
---------------+-------------------------------------+-----
Invocations    | 1 2 3 4 5 6 7 8 |  8.1
Long Blades    | 1 2 3 4 6 7 |  7.4
Axes           | 1 2 3 4 6 7 |  7.4
Maces & Flails | 1 2 3 4 6 7 |  7.4
Staves         | 1 2 3 4 6 7 |  7.4
Ranged Weapons | 1 2 3 4 6 7 |  7.4
Throwing       | 1 2 3 4 6 7 |  7.4
Dodging        | 1 2 3 4 6 7 |  7.4
Stealth        | 1 2 3 4 6 7 |  7.4
Shields        | 1 2 3 4 6 7 |  7.4
Unarmed Combat | 1 2 3 4 6 7 |  7.4
Spellcasting   | 1 2 3 4 6 7 |  7.4
Conjurations   | 1 2 3 4 5 6 |  6.1
Hexes          | 1 2 3 4 5 6 |  6.1
Summonings     | 1 2 3 4 5 6 |  6.1
Necromancy     | 1 2 3 4 5 6 |  6.1
Translocations | 1 2 3 4 5 6 |  6.1
Transmutations | 1 2 3 4 5 6 |  6.1
Fire Magic     | 1 2 3 4 5 6 |  6.1
Ice Magic      | 1 2 3 4 5 6 |  6.1
Air Magic      | 1 2 3 4 5 6 |  6.1
Earth Magic    | 1 2 3 4 5 6 |  6.1
Poison Magic   | 1 2 3 4 5 6 |  6.1
Shapeshifting  | 1 2 3 4 5 6 |  6.1
Short Blades   | 3 4 5 6 7 |  7.9
Armour         | 3 4 5 6 7 |  7.9
Evocations     | 5 6 7 8 |  8.8
Fighting       | 7 8 9 |  9.9
Polearms       | 7 8 9 |  9.9

Action                     |  1- 3 |  4- 6 |  7- 9 | 10-12 || total
---------------------------+-------+-------+-------+-------++-------
  Melee: Spear             |   105 |   104 |   230 |   518 ||   957
         Bite              |     9 |     8 |    37 |   103 ||   157
   Cast: Shock             |       |    10 |       |     6 ||    16
         Sandblast         |       |       |       |    58 ||    58
         Blink             |       |       |       |     3 ||     3
         Mephitic Cloud    |       |       |       |    37 ||    37
  Evoke: Wand              |       |     5 |    13 |    19 ||    37
    Use: Scroll            |       |       |       |    10 ||    10
         Potion            |       |       |       |     2 ||     2
   Stab: Distracted        |       |     1 |       |       ||     1
         Sleeping          |       |       |       |     4 ||     4
         Confused          |       |       |       |    30 ||    30
 Armour: Leather armour    |    24 |    11 |    54 |    26 ||   115
         Steam dragon scal |       |       |       |    51 ||    51
  Dodge: Dodged            |    39 |    37 |   127 |   366 ||   569

Table legend: (Time is in decaauts)
 A = Elapsed time spent in this place.
 B = Non-inter-level travel time spent in this place.
 C = Inter-level travel time spent in this place.
 D = Time resting spent in this place.
 E = Time spent auto-exploring this place.
 F = Levels seen in this place.
 G = Mean time per level.
                   A        B        C        D        E       F      G
               +--------+--------+--------+--------+--------+-----+--------+
         Total |  12821 |  12263 |    558 |   1137 |   8797 |  15 |  854.7 |
       Dungeon |  10296 |   9802 |    494 |    637 |   7417 |  11 |  936.0 |
        Temple |     18 |      9 |      9 |      0 |      0 |   1 |   18.0 |
          Lair |   1595 |   1540 |     55 |     82 |   1100 |   2 |  797.5 |
        Bailey |    910 |    910 |      0 |    418 |    280 |   1 |  910.0 |
               +--------+--------+--------+--------+--------+-----+--------+

Top non-repeatable levels by time:
    D:10: 1553 daAuts
  Lair:1: 1537 daAuts
     D:6: 1373 daAuts
     D:7: 1315 daAuts
     D:4: 1278 daAuts
     D:8: 952 daAuts
  Bailey: 910 daAuts
     D:5: 905 daAuts
     D:9: 822 daAuts
     D:1: 821 daAuts
     D:2: 674 daAuts
     D:3: 580 daAuts
  Lair:2: 57 daAuts
    D:11: 20 daAuts
  Temple: 18 daAuts
